 Dungeon Crawl Stone Soup version 0.30.0-5-g1a98f26d00 (webtiles) character file.

Game seed: 3707810345160190043

7984 Spectrina the Cruncher (level 11, 0/86 HPs)
             Began as a Human Monk on May 7, 2023.
             Was an Elder of Fedhas.
             Slain by a skyshark (9 damage)
             ... on level 2 of the Lair of Beasts on May 11, 2023.
             The game lasted 01:13:36 (4453 turns).

Spectrina the Cruncher (Human Monk)                 Turns: 4453, Time: 01:13:37

Health: 0/86       AC: 38    Str: 17    XL:     11   Next: 47%
Magic:  16/16      EV:  3    Int: 11    God:    Fedhas [****..]
Gold:   205        SH:  4    Dex: 21    Spells: 6/10 levels left

rFire   . . .        a - +7 lajatang of Order {silver, rMut}
rCold   . . .        (shield currently unavailable)
rNeg    . . .        o - +14 crystal plate armour of Hedonism {Dex+5 Slay-3}
rPois   .            (no helmet)
rElec   .            (no cloak)
rCorr   .            k - +2 pair of gloves
SInv    .            i - +2 pair of boots
Will    .....        (no amulet) Stlth
                     (no ring)
HPRegen 0.34/turn    (no ring)
MPRegen 0.15/turn

%: resist mutation
@: no status effects
A: hooves 1, large bone plates 1, strong 1
a: Renounce Religion, Wall of Briars, Grow Ballistomycete, Overgrow


You were on level 2 of the Lair of Beasts.
You worshipped Fedhas.
Fedhas was greatly pleased with you.
You visited 3 branches of the dungeon, and saw 11 of its levels.
You also visited: Sewer.

You collected 302 gold pieces.
You spent 97 gold pieces at shops.

Inventory:

Hand Weapons
 a - the +7 lajatang of Order (weapon) {silver, rMut}
   (You acquired it on level 4 of the Dungeon)

   rMut:      It protects you from mutation.
 g - a +1 mace
 t - a +0 quarterstaff
 D - a +0 hand axe of electrocution
 F - the +9 war axe of the Mind {flame, Dex+4}
   (You found it on level 7 of the Dungeon)

   Dex:       It affects your dexterity (+4).
Missiles
 A - 12 poisoned darts
 M - 8 javelins (quivered)
Armour
 b - a +0 robe
 d - an orb of light
 i - a +2 pair of boots (worn)
 k - a +2 pair of gloves (worn)
 o - the +14 crystal plate armour of Hedonism (worn) {Dex+5 Slay-3}
   (You acquired it on level 4 of the Dungeon)

   Dex:       It affects your dexterity (+5).
   Slay:      It affects your accuracy & damage with ranged weapons and melee
   (-3).
 p - an orb of mayhem
 q - the +0 scale mail "Pokubu" {Rampage Str+4 Int+4 Dex-4}
   (You found it on level 4 of the Dungeon)

   Str:       It affects your strength (+4).
   Int:       It affects your intelligence (+4).
   Dex:       It affects your dexterity (-4).
   Rampage:   It bestows one free step when moving towards enemies.
 y - a +0 leather armour
Magical Staves
 h - a staff of fire
 x - a staff of conjuration
 E - a staff of earth
 G - a staff of cold
Wands
 l - a wand of mindburst (14)
 B - a wand of polymorph (3)
 K - a wand of flame (18)
 N - a wand of digging (12)
Scrolls
 f - 2 scrolls of enchant weapon
 j - 3 scrolls of amnesia
 m - a scroll of noise
 n - 2 scrolls of teleportation
 r - a scroll of fear
 u - a scroll of vulnerability
 C - a scroll of butterflies
 L - 2 scrolls of identify
Potions
 c - 3 potions of ambrosia
 e - 3 potions of might
 s - 2 potions of cancellation
 v - 2 potions of flight
 w - 3 potions of degeneration
 z - 4 potions of curing
 H - a potion of attraction
 I - a potion of magic
 J - 3 potions of mutation
 O - a potion of lignification


   Skills:
 + Level 8.1 Fighting
 - Level 3.0(6.9) Maces & Flails
 * Level 9.8(10.0) Staves
 + Level 6.8 Armour
 - Level 3.0 Dodging
 - Level 0.2 Spellcasting
 - Level 3.6 Necromancy
 - Level 0.4 Ice Magic
 - Level 3.7 Air Magic
 - Level 3.8 Poison Magic
 + Level 7.0 Invocations


You had 6 spell levels left.
You knew the following spells:

 Your Spells              Type           Power      Damage    Failure   Level
f - Cigotuvi's Dreadful   Necr/Pois/Air  16%        N/A       100%        2
q - Poisonous Vapours     Pois/Air       16%        N/A       100%        2

Your spell library contained the following spells:

 Spells                   Type           Power      Damage    Failure   Level
 Blink                    Tloc           0%         N/A       100%        2
 Dazzling Flash           Conj/Hex       0%         N/A       100%        3
 Ignite Poison            Fire/Tmut/Pois 2%         N/A       100%        3
 Inner Flame              Hex/Fire       0%         N/A       100%        3
 Mephitic Cloud           Conj/Pois/Air  5%         N/A       100%        3
 Anguish                  Hex/Necr       2%         N/A       100%        4
 Cause Fear               Hex            0%         N/A       100%        4
 Flame Wave               Conj/Fire      0%         2d4       100%        4
 Manifold Assault         Tloc           0%         N/A       100%        4
 Sticky Flame             Conj/Fire      0%         2d3       100%        4
 Agony                    Necr           8%         N/A       100%        5
 Freezing Cloud           Conj/Ice/Air   1%         6-21      100%        5
 Silence                  Hex/Air        2%         N/A       100%        5
 Enfeeble                 Hex            0%         N/A       100%        7
 Storm Form               Tmut/Air       2%         N/A       100%        7


Dungeon Overview and Level Annotations

Branches:
Dungeon (8/15)             Temple (1/1) D:4            Lair (2/5) D:8
  Sewer (visited)
  Swamp: Lair:2-3    Shoals: Lair:2-3     Snake: Lair:2-3    Spider: Lair:2-3

Altars:
Cheibriados
Dithmenos
Fedhas
Gozag
Hepliaklqana
Makhleb
Nemelex Xobeh
Okawaru
Qazlal
Ru
Sif Muna
Trog
Uskayaw
Wu Jian
Zin

Shops:
D:7 ?


Innate Abilities, Weirdness & Mutations

You have large cloven feet.
You are partially covered in large bone plates. (SH +4)
Your muscles are strong. (Str +4, Int/Dex -1)


Message History

The skyshark is moderately wounded.
The skyshark bites you but does no damage.
The skyshark tail-slaps you.
The skyshark tail-slaps you but does no damage.
You closely miss the skyshark.
The skyshark is moderately wounded.
The skyshark bites you!
The skyshark enters a blood-rage!
The skyshark tail-slaps you but does no damage. x2
You hit the skyshark but do no damage.
The skyshark is moderately wounded.
The skyshark bites you but does no damage.
The skyshark barely misses you.
The skyshark tail-slaps you but does no damage.
You hit the skyshark.
The skyshark is moderately wounded.
The skyshark bites you!
The skyshark tail-slaps you but does no damage. x2
You slice the skyshark!!
The skyshark is heavily wounded.
The skyshark bites you but does no damage.
The skyshark barely misses you. The skyshark tail-slaps you.
The skyshark bites you but does no damage.
The skyshark tail-slaps you but does no damage. x2
You slice the skyshark!!
The skyshark is almost dead.
The skyshark bites you but does no damage.
The skyshark tail-slaps you but does no damage. x2
You hit the skyshark.
The skyshark is almost dead.
The skyshark bites you!
The skyshark tail-slaps you but does no damage. x2
You hit the skyshark but do no damage.
The skyshark is almost dead.
You block the skyshark's attack.
The skyshark tail-slaps you but does no damage.
The skyshark tail-slaps you. The skyshark bites you!
* * * LOW HITPOINT WARNING * * *
The skyshark tail-slaps you!
You die...
Fedhas appreciates your contribution to the ecosystem.

....#.......
..#.......P#
#.......>..##
#...........#
##.....>......
##.............
#..#....!...... ##
#..##<......... .#
#..##..@l...... .###
##..###......... ...#
##...# #......... ...###
#....###........(
.P...####....##.........
#.....###...#####.......
#####...#....#.# .......
##..................
#.........#..


You could see a skyshark (berserk).

Vanquished Creatures
  3 black mambas
  2 cane toads (Lair:1)
  2 komodo dragons
  A troll (D:7)
  7 blink frogs
  A wyvern (D:7)
  6 yaks (Lair:2)
  Grum (Lair:1)
  3 vampire mosquitoes (D:8)
  A fire bat (Sewer)
  A basilisk (Lair:1)
  2 water moccasins
  An ice beast (D:7)
  7 wolves (Lair:1)
  4 bullfrogs
  4 scorpions
  A wight (D:6)
  An electric eel (D:6)
  2 howler monkeys (D:6)
  2 jellies
  A gnoll bouda (D:6)
  An orc priest (D:4)
  5 hounds
  3 iguanas (D:5)
  Jessica (D:3)
  5 orc wizards
  12 gnolls
  11 adders
  A river rat (Sewer)
  A worm (D:3)
  A dart slug (D:5)
  8 orcs
  8 bats
  5 endoplasms
  5 giant cockroaches
  7 goblins
  9 hobgoblins
  8 jackals
  6 quokkas
  7 ball pythons
  7 frilled lizards
  9 kobolds
  9 rats
182 creatures vanquished.

Vanquished Creatures (collateral kills)
  3 wolves (Lair:1)
  A ballistomycete spore (Lair:1)
4 creatures vanquished.

Vanquished Creatures (others)
  A ballistomycete spore (Lair:1)
1 creature vanquished.

Grand Total: 187 creatures vanquished

Notes
Turn   | Place    | Note
-------+----------+-------------------------------------------
     0 | D:1      | Spectrina the Human Monk began the quest for the Orb.
     0 | D:1      | Reached XP level 1. HP: 18/18 MP: 1/1
    77 | D:3      | Reached XP level 2. HP: 8/24 MP: 2/2
   304 | D:1      | Reached XP level 3. HP: 28/30 MP: 3/3
   354 | D:1      | Learned a level 2 spell: Cigotuvi's Dreadful Rot
   552 | D:3      | HP: 1/30 [worm (10)]
   681 | D:2      | Reached XP level 4. HP: 22/37 MP: 4/4
   689 | D:2      | Reached skill level 1 in Poison Magic
   750 | D:2      | Reached skill level 1 in Necromancy
   750 | D:2      | Reached skill level 1 in Air Magic
   959 | D:3      | Noticed Jessica
   969 | D:3      | Killed Jessica
   991 | D:3      | Reached XP level 5. HP: 26/42 MP: 5/5
  1077 | D:3      | Learned a level 2 spell: Poisonous Vapours
  1149 | D:4      | Found a glowing drain.
  1194 | Sewer    | Entered a sewer
  1237 | Sewer    | a river rat changed into a fire bat
  1237 | Sewer    | Noticed a fire bat
  1242 | Sewer    | Killed a fire bat
  1243 | Sewer    | Reached XP level 6. HP: 43/48 MP: 6/6
  1763 | D:4      | Reached XP level 7. HP: 21/54 MP: 7/7
  1763 | D:4      | Gained mutation: You are partially covered in large bone
                  | plates. (SH +4) [potion of mutation]
  1763 | D:4      | Gained mutation: Your muscles are strong. (Str +4, Int/Dex
                  | -1) [potion of mutation]
  1763 | D:4      | Gained mutation: You have large cloven feet. [potion of
                  | mutation]
  1816 | D:4      | Found a staircase to the Ecumenical Temple.
  1826 | Temple   | Entered the Ecumenical Temple
  1971 | Temple   | Upgraded the game from 0.30.0-3-ga4e48a9924 to
                  | 0.30.0-5-g1a98f26d00
  2003 | Temple   | Became a worshipper of Fedhas Madash
  2003 | Temple   | Reached * piety under Fedhas
  2003 | Temple   | Reached ** piety under Fedhas
  2101 | D:5      | Entered Level 5 of the Dungeon
  2146 | D:4      | Identified the +0 scale mail "Pokubu" {Rampage Str+4 Int+4
                  | Dex-4}
  2208 | D:4      | Identified 2 scrolls of acquirement
  2209 | D:4      | Acquired the +7 lajatang of Order {silver, rMut}
  2209 | D:4      | Found the +7 lajatang of Order {silver, rMut}
  2217 | D:4      | Acquired the +14 crystal plate armour of Hedonism {Dex+5
                  | Slay-3}
  2329 | D:5      | Reached skill level 1 in Staves
  2431 | D:6      | Reached skill level 1 in Armour
  2451 | D:5      | Reached skill level 2 in Staves
  2451 | D:5      | Reached XP level 8. HP: 61/61 MP: 8/8
  2570 | D:5      | Noticed Ijyb
  2571 | D:5      | Ijyb changed into Ijyb the adder
  2571 | D:5      | Noticed Ijyb
  2574 | D:5      | Killed Ijyb the adder
  2657 | D:6      | Reached skill level 3 in Staves
  2678 | D:7      | Found a transporter.
  2680 | D:7      | Found Aggeirol's Magic Scroll Emporium.
  2681 | D:7      | Identified the +9 war axe of the Mind {flame, Dex+4}
  2695 | D:7      | Noticed a troll
  2703 | D:7      | Killed a troll
  2704 | D:7      | Reached skill level 1 in Invocations
  2728 | D:6      | Reached skill level 5 in Fighting
  2741 | D:6      | Reached skill level 4 in Staves
  3016 | D:7      | Found a transporter.
  3025 | D:7      | Bought a scroll of enchant armour for 97 gold pieces
  3059 | D:7      | Reached XP level 9. HP: 68/68 MP: 10/10
  3064 | D:7      | Reached *** piety under Fedhas
  3103 | D:7      | Reached skill level 5 in Staves
  3282 | D:8      | Found a staircase to the Lair.
  3283 | D:8      | Noticed a komodo dragon
  3293 | D:8      | Killed a komodo dragon
  3294 | D:8      | Reached skill level 6 in Staves
  3300 | Lair:1   | Entered Level 1 of the Lair of Beasts
  3313 | Lair:1   | Noticed a blink frog
  3326 | Lair:1   | Killed a blink frog
  3387 | Lair:2   | Noticed a black mamba
  3396 | Lair:2   | Killed a black mamba
  3397 | Lair:2   | Reached skill level 7 in Staves
  3397 | Lair:2   | Reached XP level 10. HP: 51/77 MP: 13/13
  3420 | Lair:1   | Noticed a cane toad
  3426 | Lair:1   | Killed a cane toad
  3427 | Lair:1   | Reached skill level 5 in Armour
  3427 | Lair:1   | Reached skill level 5 in Invocations
  3497 | Lair:1   | Noticed a black mamba
  3508 | Lair:1   | Killed a black mamba
  3568 | Lair:1   | Noticed Grum
  3585 | Lair:1   | Killed Grum
  3601 | Lair:1   | Reached skill level 8 in Staves
  3712 | Lair:1   | Noticed a cane toad
  3718 | Lair:1   | Killed a cane toad
  3912 | Lair:1   | Reached XP level 11. HP: 84/84 MP: 15/15
  4101 | Lair:1   | Reached skill level 9 in Staves
  4338 | Lair:2   | Reached **** piety under Fedhas
  4438 | Lair:2   | Noticed a skyshark
  4453 | Lair:2   | Slain by a skyshark

Illustrated notes

Levels and vault maps discovered:
D:1:      doesnt_arrival_eight_statues, layout_basic, minmay_misc_feat_five
D:2:      layout_rooms, minmay_misc_feat_more_columns, minmay_misc_feat_rows,
          minmay_goblin_kobold_house
D:3:      layout_basic, uniq_jessica
D:4:      layout_rooms, grunt_temple_overflow_open, minmay_temple_entry_ruins,
          portal_sewer_entry_a
D:5:      layout_rooms, uniq_ijyb
D:6:      layout_loops_corners, serial_bayou, serial_bayou_pond_e,
          serial_bayou_shore_a, serial_bayou_crossing, serial_bayou_shore_b
D:7:      layout_gridville, serial_shops, nicolae_shop_drivethru,
          nicolae_shop_waterfront
D:8:      layout_basic, david_lair_shrubbed
Temple:   bh_familiar_temple
Lair:1:   beast_lair_carwin_large_1, layout_loops_ring, uniq_grum
Lair:2:   layout_cave_pods, nicolae_swamp_entry_splash_gauntlet,
          nicolae_spider_entry_tight_spaces, ebering_ghost_xom,
          serial_bayou_pond_d, lemuel_fruit_tree

Skill      XL: |  1  2  3  4  5  6  7  8  9 10 11 |
---------------+----------------------------------+-----
Fighting       | 4 5 6 7 8 |  8.1
Poison Magic   | 1 3 |  3.8
Necromancy     | 1 2 3 |  3.6
Air Magic      | 1 2 3 |  3.7
Staves         | 2 4 7 8 9 |  9.8
Armour         | 1 3 4 6 |  6.8
Invocations    | 2 4 6 7 |  7.0
Maces & Flails | |  3.0
Dodging        | |  3.0
Spellcasting   | |  0.2
Ice Magic      | |  0.4

Action                     |  1- 3 |  4- 6 |  7- 9 | 10-12 || total
---------------------------+-------+-------+-------+-------++-------
  Melee: Mace              |   101 |   176 |    44 |       ||   321
         Lajatang          |       |       |   125 |   130 ||   255
  Throw: Dart              |       |     5 |     6 |    10 ||    21
         Javelin           |       |     3 |    17 |    22 ||    42
   Cast: Poisonous Vapours |       |       |     3 |       ||     3
 Invoke: Wall of Briars    |       |       |       |     1 ||     1
         Grow Ballistomyce |       |       |       |     1 ||     1
  Evoke: Wand              |       |     8 |    14 |    13 ||    35
    Use: Potion            |       |     2 |     4 |     1 ||     7
         Scroll            |       |     4 |    17 |     2 ||    23
 Armour: Robe              |    28 |     9 |       |       ||    37
         Leather armour    |       |    47 |    43 |       ||    90
         Crystal plate arm |       |       |   114 |   144 ||   258
  Dodge: Dodged            |    72 |    94 |    77 |    22 ||   265
  Block: Orb               |       |       |    25 |       ||    25
         Other             |       |       |    24 |    19 ||    43
